 Dungeon Crawl Stone Soup version 0.30.1-11-g7821555f0a (webtiles) character file.

Game seed: 10456471585629732000

160 Zalbag the Magician (level 5, -3/37 HPs)
             Began as a Djinni Fire Elementalist on Nov 1, 2023.
             Slain by an orc
             ... wielding a +0 mace
              (4 damage)
             ... on level 3 of the Dungeon.
             The game lasted 00:06:45 (2181 turns).

Zalbag the Magician (Djinni Fire Elementalist)      Turns: 2181, Time: 00:06:47

Health: -3/37      AC:  3    Str:  5    XL:     5   Next: 69%
Gold:   161        EV: 12    Int: 18    God:
                   SH:  0    Dex: 14

rFire   + + .        n - +2 dagger (protect)
rCold   x . .        (no shield)
rNeg    . . .        a - +0 robe
rPois   ∞            m - +0 helmet
rElec   .            (no cloak)
rCorr   .            (no gloves)
SInv    +            (boots unavailable)
Will    .....        (no amulet)
Stlth   ++           (no ring)
HPRegen 0.26/turn    (no ring)
MPRegen 0.00/turn

%: infuse magic (-4 HP)
@: flying, very slightly contaminated, slowed, very slow
A: sickness immunity, fire resistance 2, cold vulnerability 1, float, innate
caster, HP casting, extra vitality 1, see invisible, weak 1
a: no special abilities


You were on level 3 of the Dungeon.
You visited 1 branch of the dungeon, and saw 3 of its levels.

You collected 161 gold pieces.

Inventory:

Hand Weapons
 n - a +2 dagger of protection (weapon)
Missiles
 d - 24 stones (quivered)
Armour
 a - a +0 robe (worn)
 m - a +0 helmet (worn)
Jewellery
 j - a ring of willpower
 l - a +4 ring of slaying
Scrolls
 c - a scroll of teleportation {unknown}
 f - 2 scrolls of enchant weapon {unknown}
 h - a scroll of identify {unknown}
 o - a scroll of immolation {unknown}
Potions
 b - a potion of haste
 e - a potion of heal wounds {unknown}
 g - a potion of mutation
 i - a potion of curing {unknown}
 k - a potion of might {unknown}
 p - a potion of lignification {unknown}


   Skills:
 + Level 1.5 Fighting
 - Level 2.1 Dodging
 - Level 1.5 Stealth
 * Level 4.3 Spellcasting


You knew the following spells:

 Your Spells              Type           Power      Damage    Failure   Level
a - Foxfire               Conj/Fire      76%        2x1d7     2%          1
b - Scorch                Fire           38%        2d6       3%          2
c - Volatile Blastmotes   Fire/Tloc      38%        2d13      7%          3
d - Inner Flame           Hex/Fire       19%        N/A       7%          3
e - Flame Wave            Conj/Fire      19%        2d7       24%         4
f - Sting                 Tmut/Pois      76%        1d6       2%          1
g - Searing Ray           Conj           38%        2d5       3%          2
Your spell library was empty.

Dungeon Overview and Level Annotations

Branches:
Dungeon (3/15)

Altars:
Uskayaw
Yredelemnul


Innate Abilities, Weirdness & Mutations

You are immune to sickness and miasma.
You are immune to poison.
Your flesh is very heat resistant. (rF++)
You are vulnerable to cold. (rC-)
You float through the air rather than walking.
You learn spells naturally, not from books.
Your magical power is your life essence.
You have superior vitality. (+4 MHP)
You have supernaturally acute eyesight. (SInv)
You are weak. (Str -2)


Message History

Flames lash the orc priest.
The orc priest is moderately wounded.
The orc priest's fire resistance burns away.
The orc hits you with a +0 mace.
The orc priest begins to cast a cantrip, but forgets the words!
The orc hits you but does no damage. The orc priest closely misses you.
Casting: Scorch (safe; 3% risk of failure)
Confirm with . or Enter, or press ? or * to list all spells.
You miscast Scorch.
You are very lightly contaminated with residual magic.
Nothing appears to happen.
The orc hits you with a +0 mace! The orc priest misses you.
Unknown command.
Casting: Scorch (safe; 3% risk of failure)
Confirm with . or Enter, or press ? or * to list all spells.
Flames lash the orc.
The orc is heavily wounded.
The orc's fire resistance burns away.
The orc priest is no longer more vulnerable to fire.
The orc closely misses you.
The orc priest hits you with a +0 hand axe.
* * * LOW HITPOINT WARNING * * *
The orc hits you but does no damage.
The orc priest calls down the wrath of Beogh upon you.
Pain shoots through your body!
* * * LOW HITPOINT WARNING * * *
Casting: Scorch (safe; 3% risk of failure)
Confirm with . or Enter, or press ? or * to list all spells.
You miscast Scorch.
Nothing appears to happen.
* * * LOW HITPOINT WARNING * * *
The orc hits you with a +0 mace.
* * * LOW HITPOINT WARNING * * *
The orc priest hits you but does no damage.
It was a potion of mutation.
You feel extremely strange.
You feel weaker.
Your vision sharpens.
The orc is no longer more vulnerable to fire.
The orc barely misses you.
The orc priest looks braver for a moment.
The orc hits you with a +0 mace.
You die...

.<.o.. h...o .o.. .o. ..
.###### ### #####)....#
#<# . #...oo....#
#.####.....##...@.....###
................>........
######.....##........####
.........................
...###...............####
.....................#
..............#....###
......[.......#....#
...########...#....##


You could see an orc priest and an orc.

Vanquished Creatures
  Natasha (twice) (D:3)
  Robin (D:2)
  An adder (D:2)
  A dart slug (D:2)
  5 orcs (D:3)
  5 ball pythons
  5 endoplasms
  2 giant cockroaches
  16 goblins
  7 hobgoblins
  7 jackals
  8 kobolds
  2 quokkas
  7 bats
  A frilled lizard (D:1)
  5 rats
75 creatures vanquished.

Vanquished Creatures (others)
  80 foxfires
80 creatures vanquished.

Grand Total: 155 creatures vanquished

Notes
Turn   | Place    | Note
-------+----------+-------------------------------------------
     0 | D:1      | Zalbag the Djinni Fire Elementalist began the quest for the
                  | Orb.
     0 | D:1      | Zalbag set off with the following spells memorised:
                  | Foxfire, Scorch, Volatile Blastmotes, Inner Flame, Flame
                  | Wave.
     0 | D:1      | Reached XP level 1. HP: 15/15 MP: 0/0
   314 | D:1      | Reached XP level 2. HP: 9/21 MP: 0/0
   384 | D:1      | Found a faded altar of an unknown god.
   406 | D:1      | Reached skill level 3 in Spellcasting
   874 | D:2      | Reached XP level 3. HP: 12/25 MP: 0/0
   874 | D:2      | Learned a level 1 spell: Sting
  1159 | D:2      | Found a basalt altar of Yredelemnul.
  1238 | D:2      | Noticed Robin
  1246 | D:2      | Reached XP level 4. HP: 16/31 MP: 0/0
  1248 | D:2      | Killed Robin
  1936 | D:3      | Reached skill level 4 in Spellcasting
  1948 | D:3      | Reached XP level 5. HP: 15/36 MP: 0/0
  1948 | D:3      | Learned a level 2 spell: Searing Ray
  2044 | D:3      | Found a hide-covered altar of Uskayaw.
  2054 | D:3      | Noticed Natasha
  2062 | D:3      | Killed Natasha
  2063 | D:3      | Reached skill level 1 in Fighting
  2163 | D:3      | Noticed Natasha
  2175 | D:3      | Killed Natasha
  2180 | D:3      | HP: 1/37 [orc/+0 mace (4)]
  2181 | D:3      | Gained mutation: You are weak. (Str -2) [potion of
                  | mutation]
  2181 | D:3      | Gained mutation: You have supernaturally acute eyesight.
                  | (SInv) [potion of mutation]
  2181 | D:3      | Slain by an orc

Illustrated notes

Levels and vault maps discovered:
D:1:      shiori_arrival_oz, layout_loops_ring, ebering_ecumenical_altar_mist
D:2:      layout_basic, basic_altar, uniq_robin
D:3:      layout_basic, lemuel_crystal_altar, bh_walls_and_bars, uniq_natasha,
          uniq_crazy_yiuf_cottage

Skill      XL: |  1  2  3  4  5 |
---------------+----------------+-----
Spellcasting   | 3 4 |  4.3
Fighting       | 1 |  1.5
Dodging        | |  2.1
Stealth        | |  1.5

Action                     |  1- 3 |  4- 6 || total
---------------------------+-------+-------++-------
  Melee: Unarmed           |    10 |       ||    10
         Dagger            |    56 |     8 ||    64
  Throw: Stone             |       |    22 ||    22
   Cast: Foxfire           |    21 |    26 ||    47
         Scorch            |    12 |    35 ||    47
    Use: Potion            |       |     1 ||     1
   Stab: Sleeping          |     5 |     1 ||     6
 Armour: Robe              |    21 |     8 ||    29
  Dodge: Dodged            |    64 |    20 ||    84
